[Event "ICC tourney 2803 (60 5)"]
[Site "Internet Chess Club"]
[Date "2022.01.23"]
[Round "5"]
[White "Nguyen, Hoa Duc:leoman"]
[Black "YAN, RUIYANG:jy2020"]
[Result "1/2-1/2"]
[ICCResult "Game drawn by repetition"]
[WhiteElo "2506"]
[BlackElo "2172"]
[Opening "Catalan: closed, 5.Nf3"]
[ECO "E06"]
[NIC "CA.04"]
[Time "14:29:59"]
[PlyCount "76"]
[TimeControl "3600+5"]

1. d4 Nf6 2. c4 e6 3. g3 d5 4. Bg2 Be7 5. Nf3 O-O 6. O-O c6 7. Qc2 b6 8.
Nbd2 Bb7 9. e4 Na6 10. a3 c5 11. exd5 exd5 12. dxc5 Nxc5 13. b4 Ne6 14. Bb2
Rc8 15. Ne5 Qc7 16. Rfc1 d4 17. Bxb7 Qxb7 18. Qf5 g6 19. Qf3 Qc7 20. Re1 Nd7
21. Nd3 Bf6 22. Re2 Bg7 23. h4 h5 24. Rc1 Rfd8 25. Ne4 Qc6 26. Nd2 Qc7 27.
Nb3 a5 28. Rcc2 Ne5 29. Nxe5 Bxe5 30. Qd3 Bg7 31. Bc1 axb4 32. axb4 Qd6 33.
Bd2 Ra8 34. Kh2 Ra3 35. Bc1 Ra4 36. Bd2 Ra3 37. Bc1 Ra4 38. Bd2 Ra3
{Game drawn by repetition}
1/2-1/2

[Event "ICC tourney 2803 (60 5)"]
[Site "Internet Chess Club"]
[Date "2022.01.23"]
[Round "5"]
[White "Otawa, Yuto:hidedozyo"]
[Black "XIE, BRYAN:largecrab"]
[Result "1/2-1/2"]
[ICCResult "Game drawn by repetition"]
[WhiteElo "2204"]
[BlackElo "2078"]
[Opening "Nimzo-Indian: classical variation"]
[ECO "E32"]
[NIC "NI.20"]
[Time "14:00:18"]
[PlyCount "76"]
[TimeControl "3600+5"]

1. d4 Nf6 2. c4 e6 3. Nc3 Bb4 4. Qc2 O-O 5. a3 Bxc3+ 6. Qxc3 b6 7. Bg5 Bb7
8. f3 h6 9. Bh4 d5 10. e3 Nbd7 11. cxd5 Bxd5 12. Bd3 c5 13. Ne2 cxd4 14.
Nxd4 Rc8 15. Qd2 e5 16. Nf5 Be6 17. b4 e4 18. Bxe4 Nxe4 19. fxe4 g5 20. Bg3
Bxf5 21. exf5 Nf6 22. Qxd8 Rfxd8 23. Be5 Ng4 24. Bd4 Re8 25. O-O Nxe3 26.
Rf3 Nc2 27. Rd1 Nxd4 28. Rxd4 Rc2 29. h4 Ree2 30. Rg4 f6 31. hxg5 fxg5 32.
Rd3 Kg7 33. Rd6 Rf2 34. Rg6+ Kh7 35. Rf6 Kg7 36. Rg6+ Kh7 37. Rf6 Kg7 38.
Rg6+ Kh7 {Game drawn by repetition} 1/2-1/2

[Event "ICC tourney 2803 (60 5)"]
[Site "Internet Chess Club"]
[Date "2022.01.23"]
[Round "5"]
[White "LIANG, ETHAN Y:ELCCEthan488"]
[Black "QUIRKE, JEFFREY L:PawnEatingZombi"]
[Result "0-1"]
[ICCResult "White checkmated"]
[WhiteElo "1870"]
[BlackElo "2005"]
[Opening "QGD: exchange, positional line, 5...c6"]
[ECO "D35"]
[NIC "QO.16"]
[Time "14:00:30"]
[PlyCount "166"]
[TimeControl "3600+5"]

1. d4 d5 2. c4 e6 3. Nc3 Nf6 4. cxd5 exd5 5. Bg5 c6 6. e3 h6 7. Bxf6 Qxf6 8.
Rc1 Bb4 9. Bd3 Bf5 10. Bxf5 Qxf5 11. Qb3 Bxc3+ 12. bxc3 b5 13. Qa3 Qe6 14.
Nf3 Nd7 15. O-O Qe7 16. Qa6 Qd6 17. a4 bxa4 18. c4 dxc4 19. Rxc4 Nb6 20. Rc5
O-O 21. Rfc1 Rfc8 22. Ne5 Rc7 23. Nc4 Nxc4 24. Qxc4 Rb8 25. Qxa4 Rb6 26. h3
Qf6 27. d5 Rb2 28. R1c2 Rb1+ 29. Kh2 Rb6 30. Rxc6 Rbxc6 31. dxc6 Qd6+ 32. g3
Qd5 33. Rc4 Qf3 34. Qc2 g6 35. Kg1 Qf6 36. Qe4 Qa1+ 37. Kg2 Qf6 38. Qd5 Kh7
39. Rf4 Qe6 40. Qxe6 fxe6 41. Rd4 Rxc6 42. Rd7+ Kg8 43. Rxa7 Rc5 44. Kf3 Rb5
45. Ke4 Rc5 46. Re7 Rc2 47. Kf3 Rc6 48. h4 h5 49. Kf4 Kf8 50. Ra7 Rc5 51. e4
Rb5 52. f3 Rc5 53. e5 Rc4+ 54. Kg5 Rc3 55. f4 Rxg3+ 56. Kf6 Kg8 57. Rg7+ Kf8
58. Rxg6 Rg4 59. Kxe6 Rxg6+ 60. Kf5 Rg4 61. Kf6 Rxf4+ 62. Kg5 Re4 63. Kxh5
Kg7 64. Kg5 Rxe5+ 65. Kf4 Ra5 66. Kg4 Kh6 67. Kg3 Ra4 68. h5 Kxh5 69. Kf3
Kg5 70. Ke3 Kf5 71. Kf3 Ra3+ 72. Ke2 Ke4 73. Kd2 Rh3 74. Kc2 Kd4 75. Kb2 Kc4
76. Ka2 Kb4 77. Kb2 Rh2+ 78. Kc1 Kc3 79. Kd1 Ra2 80. Ke1 Kd3 81. Kf1 Ke3 82.
Kg1 Kf3 83. Kf1 Ra1# {White checkmated} 0-1

[Event "ICC tourney 2803 (60 5)"]
[Site "Internet Chess Club"]
[Date "2022.01.23"]
[Round "5"]
[White "Kodarapu, Ishaan:pika0008"]
[Black "WU, WILLIAM:K09-15782241"]
[Result "1/2-1/2"]
[ICCResult "Game drawn by mutual agreement"]
[WhiteElo "1973"]
[BlackElo "1875"]
[Opening "English: Wimpey system"]
[ECO "A13"]
[NIC "EO.64"]
[Time "14:01:55"]
[PlyCount "162"]
[TimeControl "3600+5"]

1. c4 e6 2. Nf3 d5 3. e3 Nf6 4. b3 c5 5. Bb2 Nc6 6. cxd5 exd5 7. Be2 Be7 8.
O-O O-O 9. d4 b6 10. Nc3 Ne4 11. dxc5 Nxc3 12. Bxc3 bxc5 13. Qc2 Be6 14.
Rfd1 Qb6 15. Rac1 Rfd8 16. Bd3 h6 17. Bh7+ Kh8 18. Bf5 d4 19. Bxe6 fxe6 20.
exd4 Nxd4 21. Bxd4 cxd4 22. Ne5 Ba3 23. Nf7+ Kg8 24. Nxd8 Bxc1 25. Nc6 Ba3
26. Qc4 Re8 27. g3 Kh8 28. Ne5 Qc5 29. Qxd4 Qxd4 30. Rxd4 Bb2 31. Re4 Bxe5
32. Rxe5 Kg8 33. a4 Kf7 34. Rc5 Rb8 35. Rc7+ Kf6 36. Rxa7 Rxb3 37. f4 Rb2
38. a5 Ra2 39. a6 e5 40. fxe5+ Kxe5 41. Ra8 Kf6 42. a7 Kg6 43. Kf1 Kh7 44.
Ke1 Kg6 45. Kd1 Kh7 46. Kc1 Ra6 47. Kb2 Ra4 48. Kb3 Ra1 49. Kb4 Ra2 50. Kb5
Ra1 51. g4 Ra2 52. h4 Ra1 53. Kc6 Rc1+ 54. Kd7 Rd1+ 55. Ke6 Re1+ 56. Kf5
Rf1+ 57. Ke4 Re1+ 58. Kd3 Rd1+ 59. Kc3 Ra1 60. h5 Ra5 61. Kb3 Ra1 62. Kc3
Ra5 63. Kd3 Ra1 64. Ke3 Ra4 65. Kf3 Ra1 66. Kg2 Ra2+ 67. Kh3 Ra3+ 68. Kh4
Ra4 69. Kg3 Ra3+ 70. Kf4 Ra4+ 71. Kf5 Ra5+ 72. Ke6 Ra1 73. g5 hxg5 74. Kf5
Rf1+ 75. Kxg5 Rg1+ 76. Kh4 Rh1+ 77. Kg3 Rg1+ 78. Kf4 Rf1+ 79. Ke3 Re1+ 80.
Kd4 Rd1+ 81. Kc3 Ra1 {Game drawn by mutual agreement} 1/2-1/2

[Event "ICC tourney 2803 (60 5)"]
[Site "Internet Chess Club"]
[Date "2022.01.23"]
[Round "5"]
[White "HO, COOPER:arsenicblast"]
[Black "LIU, ERIC CHANG:el008"]
[Result "0-1"]
[ICCResult "White checkmated"]
[WhiteElo "1859"]
[BlackElo "1954"]
[Opening "Sicilian: Najdorf"]
[ECO "B90"]
[NIC "SI.14"]
[Time "14:00:10"]
[PlyCount "78"]
[TimeControl "3600+5"]

1. e4 c5 2. Nf3 d6 3. d4 cxd4 4. Nxd4 Nf6 5. Nc3 a6 6. f3 e5 7. Nb3 Be6 8.
Be3 Be7 9. Qd2 O-O 10. O-O-O Nbd7 11. g4 b5 12. g5 Nh5 13. Nd5 Bxd5 14. exd5
f6 15. h4 fxg5 16. hxg5 Rxf3 17. Rxh5 Rxe3 18. Qxe3 g6 19. Bd3 gxh5 20. Rg1
Qb6 21. Qg3 Rf8 22. Rg2 Rf4 23. Qh3 Nf8 24. g6 hxg6 25. Bxg6 Rg4 26. Bxh5
Bg5+ 27. Kd1 Rxg2 28. Qxg2 Qe3 29. Qe2 Qg1+ 30. Qe1 Qg2 31. Be2 Qxd5+ 32.
Bd3 Qf3+ 33. Qe2 Qh1+ 34. Qe1 Qh3 35. Qe4 Qg3 36. Qd5+ Kg7 37. Qh1 Bh4 38.
Nd2 d5 39. Qxd5 Qe1# {White checkmated} 0-1

[Event "ICC tourney 2803 (60 5)"]
[Site "Internet Chess Club"]
[Date "2022.01.23"]
[Round "5"]
[White "SHEEHAN, ETHAN THOMAS:Chessking2008"]
[Black "SHAWKAT, SAIF:saif-shawkat"]
[Result "1-0"]
[ICCResult "Black forfeits on time"]
[WhiteElo "2197"]
[BlackElo "1984"]
[Opening "QGD: Janowski variation"]
[ECO "D31"]
[NIC "QP.08"]
[Time "14:01:25"]
[PlyCount "85"]
[TimeControl "3600+5"]

1. d4 d5 2. c4 e6 3. Nc3 a6 4. cxd5 exd5 5. Bf4 Nf6 6. e3 Bd6 7. Bxd6 Qxd6
8. Bd3 O-O 9. Qc2 c5 10. dxc5 Qxc5 11. Nge2 Nc6 12. O-O d4 13. exd4 Nxd4 14.
Nxd4 Qxd4 15. Rad1 Qh4 16. h3 Re8 17. Be2 Qg5 18. Qd2 Qg6 19. Kh2 Bf5 20.
Qf4 Be4 21. Nxe4 Rxe4 22. Qd2 Re7 23. Bf3 Rae8 24. Qb4 Qg5 25. Rd4 Qe5+ 26.
g3 a5 27. Qd2 h6 28. Rd1 Qf5 29. Kg2 Qb5 30. Qc2 Kf8 31. a4 Qb6 32. Rd6 Qc7
33. Qb3 Re6 34. Qd3 b6 35. Rd4 Kg8 36. Rc4 Qe7 37. Qc3 Ne4 38. Bxe4 Rxe4 39.
Rc7 Qe5 40. Qc6 Qe6 41. Rd6 Qb3 42. Rc8 Kf8 43. Rdd8 {Black forfeits on
time} 1-0

[Event "ICC tourney 2803 (60 5)"]
[Site "Internet Chess Club"]
[Date "2022.01.23"]
[Round "5"]
[White "GU, MINGHAO:mancogu"]
[Black "LODH, ANISH:KnightHawk8"]
[Result "1-0"]
[ICCResult "Black checkmated"]
[WhiteElo "1702"]
[BlackElo "1895"]
[Opening "Ruy Lopez: Cozio defense deferred"]
[ECO "C70"]
[NIC "RL.09"]
[Time "14:00:48"]
[PlyCount "95"]
[TimeControl "3600+5"]

1. e4 e5 2. Nf3 Nc6 3. Bb5 a6 4. Ba4 Nge7 5. O-O g6 6. c3 b5 7. Bc2 Bg7 8.
d4 exd4 9. cxd4 O-O 10. Nc3 d6 11. Be3 Bb7 12. Rc1 h6 13. Ne2 f5 14. exf5
Nxf5 15. Bxf5 Rxf5 16. Nf4 Ne7 17. Qb3+ Bd5 18. Nxd5 Rxd5 19. Nd2 Kh7 20.
Ne4 Qd7 21. Rfd1 c6 22. h3 Rf8 23. g4 h5 24. Ng5+ Kh8 25. f3 Bh6 26. Nf7+
Rxf7 27. Bxh6 Qe6 28. Rf1 g5 29. Bxg5 Rg7 30. Rce1 Qd7 31. Bf6 hxg4 32.
Bxg7+ Kxg7 33. fxg4 Qa7 34. Qe3 Ng6 35. Rf5 Qxd4 36. Qxd4+ Rxd4 37. Re2 Rd1+
38. Kf2 Ne5 39. Kg3 Rd3+ 40. Kh4 Ng6+ 41. Kg5 Rxh3 42. Re6 Rh6 43. Rff6 d5
44. Rxc6 d4 45. Rxa6 d3 46. Rfd6 Ne5 47. Ra7+ Kf8 48. Rd8# {Black
checkmated} 1-0

[Event "ICC tourney 2803 (60 5)"]
[Site "Internet Chess Club"]
[Date "2022.01.23"]
[Round "5"]
[White "IVANOV, ALEXANDER:marble"]
[Black "CHEN, RYO WENYU:e4f5"]
[Result "1-0"]
[ICCResult "Black resigns"]
[WhiteElo "2396"]
[BlackElo "2282"]
[Opening "Sicilian: Richter-Rauzer, Rauzer attack"]
[ECO "B63"]
[NIC "SI.27"]
[Time "14:00:13"]
[PlyCount "125"]
[TimeControl "3600+5"]

1. e4 c5 2. Nf3 d6 3. d4 cxd4 4. Nxd4 Nf6 5. Nc3 Nc6 6. Bg5 e6 7. Qd2 Qb6 8.
Nb3 Be7 9. Bxf6 Bxf6 10. Qxd6 Be5 11. Qc5 Qxc5 12. Nxc5 Ke7 13. O-O-O Bd4
14. Nd3 Ne5 15. Nxe5 Bxe5 16. Ne2 g5 17. g3 g4 18. h3 h5 19. hxg4 hxg4 20.
Rxh8 Bxh8 21. Nf4 Bd7 22. Be2 Rg8 23. c3 Bc6 24. Bd3 Be5 25. Rh1 Bxf4+ 26.
gxf4 e5 27. fxe5 Rg5 28. Rg1 Rg6 29. Be2 Ke6 30. Rxg4 Kxe5 31. Rxg6 fxg6 32.
f3 Kf4 33. Kd2 b6 34. Kd3 Ke5 35. Ke3 g5 36. Bc4 a5 37. Bf7 Bd7 38. Bd5 Be8
39. b3 Bd7 40. a3 Be8 41. c4 Bd7 42. b4 axb4 43. axb4 Bc8 44. Bc6 Kd6 45.
Bb5 Ke5 46. Be8 Be6 47. c5 bxc5 48. bxc5 Bc8 49. c6 Kd6 50. e5+ Ke7 51. Bd7
Ba6 52. Ke4 Be2 53. Bg4 Kd8 54. Kf5 Kc7 55. Kxg5 Kxc6 56. f4 Bc4 57. Kf6 Kc7
58. e6 Kd6 59. e7 Bb5 60. Bh5 Kd5 61. e8=Q Bxe8 62. Bxe8 Ke4 63. f5
{Black resigns}
1-0

[Event "ICC tourney 2803 (60 5)"]
[Site "Internet Chess Club"]
[Date "2022.01.23"]
[Round "5"]
[White "TANG, ZOEY:WonderZ"]
[Black "NGUYEN, TIEN:ngthanhthuytien"]
[Result "1-0"]
[ICCResult "Black forfeits on time"]
[WhiteElo "2085"]
[BlackElo "2103"]
[Opening "Trompowsky attack (Ruth, Opocenský opening)"]
[ECO "A45"]
[NIC "QP.07"]
[Time "14:00:08"]
[PlyCount "145"]
[TimeControl "3600+5"]

1. d4 Nf6 2. Bg5 c5 3. d5 Qb6 4. Nc3 h6 5. Bd2 e6 6. e4 exd5 7. exd5 Bd6 8.
Qe2+ Be7 9. d6 Qxd6 10. Nb5 Qc6 11. O-O-O a6 12. Re1 O-O 13. Nc3 d5 14. Qxe7
Re8 15. Nxd5 Qxd5 16. Qxe8+ Nxe8 17. Rxe8+ Kh7 18. Rxc8 b5 19. Nf3 c4 20.
Be3 Qb7 21. Rd8 Qc7 22. Rd2 Nc6 23. c3 b4 24. Bxc4 bxc3 25. bxc3 Nb4 26. Rd4
Nxa2+ 27. Kc2 Qa5 28. Bxa2 Qxa2+ 29. Kd3 a5 30. Nd2 a4 31. Rb1 a3 32. Rbb4
Qa1 33. Ra4 Rc8 34. Rdc4 Rd8+ 35. Rd4 Rb8 36. Rdb4 Rd8+ 37. Rd4 Re8 38. Rdb4
a2 39. Kc2 Rc8 40. Rb2 Qg1 41. Raxa2 Qxg2 42. h4 Qg6+ 43. Kd1 Rxc3 44. Ke2
Qd3+ 45. Kf3 Rc5 46. Rb3 Rf5+ 47. Kg2 Qd5+ 48. Kf1 Qh1+ 49. Ke2 Qxh4 50. Ra7
Qg4+ 51. f3 Qg2+ 52. Kd1 Qh1+ 53. Kc2 h5 54. Rb4 Qe1 55. Re7 Qa1 56. Ree4
Qa2+ 57. Kd1 Qa1+ 58. Ke2 Qa6+ 59. Kf2 g5 60. Rb6 Qd3 61. Rb3 Qd6 62. Re8
Qh2+ 63. Ke1 Ra5 64. Bd4 Qh1+ 65. Ke2 Qg2+ 66. Kd3 Ra6 67. Rh8+ Kg6 68. Rg8+
Kf5 69. Rb5+ Ke6 70. Rgxg5 Ra3+ 71. Bc3 Qh2 72. Rge5+ Kd7 73. Rxh5
{Black forfeits on time}
1-0